 Dungeon Crawl Stone Soup version 0.24.1-14-gf8d2b509d9 (webtiles) character file.

Game seed: 5097575582930901878, levelgen mode: deterministic

2921 Hugehornet the Cleaver (level 9, -3/51 HPs)
             Began as a Gargoyle Fighter on May 20, 2020.
             Was an Initiate of Gozag.
             Slain by an ogre
             ... wielding a +0 giant club
              (14 damage)
             ... on level 9 of the Dungeon.
             The game lasted 00:17:04 (6724 turns).

Hugehornet the Cleaver (Gargoyle Fighter)           Turns: 6724, Time: 00:17:05

Health: -3/51      AC: 25    Str: 23    XL:     9   Next: 79%
Magic:  9/9        EV:  4    Int: 13    God:    Gozag
Gold:   96         SH: 13    Dex:  9    Spells: 8/8 levels left

rFire    . . .     SeeInvis .   O - +0 broad axe
rCold    . . .     Gourm    .   c - +0 shield
rNeg     + + +     Faith    .   q - +1 plate armour
rPois    ∞         Spirit   .   J - +0 helmet
rElec    +         Reflect  +   n - +2 cloak of Inkunod {rN+ rCorr Int+4 Slay-4}
rCorr    +         Harm     .   F - +1 pair of gloves {archery}
MR       .....                  (no boots)
Stlth    ..........             B - +4 amulet of reflection
HPRegen  0.17/turn              l - ring of positive energy
MPRegen  0.11/turn              N - ring of resist corrosion

@: gold aura, flying, hasted and slowed
A: negative energy resistance 1, electricity resistance, unbreathing,
petrification resistance, rot immunity, AC +6
a: Potion Petition, Call Merchant, Bribe Branch, Renounce Religion


You were on level 9 of the Dungeon.
You worshipped Gozag.
Gozag was noncommittal.
You were not hungry.

You visited 2 branches of the dungeon, and saw 10 of its levels.
You also visited: Sewer and Ossuary.

You collected 972 gold pieces.
You spent 275 gold pieces at shops.
You paid 601 gold pieces to Gozag.

Inventory:

Hand Weapons
 a - a +1 war axe
 G - a +0 flail
 L - a +0 whip of flaming
 O - a +0 broad axe (weapon)
Missiles
 M - 111 stones (quivered)
Armour
 c - a +0 shield (worn)
 h - a scarf of spirit shield
 n - the +2 cloak of Inkunod (worn) {rN+ rCorr Int+4 Slay-4}
   (You bought it in a shop on level 10 of the Dungeon)

   It affects your intelligence (+4).
   It affects your accuracy and damage with ranged weapons and melee attacks
   (-4).
   It protects you from negative energy.
   It provides partial protection from all sources of acid and corrosion.
 q - a +1 plate armour (worn)
 F - a +1 pair of gloves of archery (worn)
 J - a +0 helmet (worn)
 P - a +0 scale mail
Jewellery
 b - an uncursed amulet of guardian spirit
 l - a ring of positive energy (left hand)
 p - an uncursed ring of fire
 B - a +4 amulet of reflection (around neck)
 N - a ring of resist corrosion (right hand)
Wands
 m - a wand of disintegration (5)
 x - a wand of flame (7)
 D - a wand of acid (4)
Scrolls
 e - 4 scrolls of enchant weapon
 i - a scroll of enchant armour
 j - a scroll of fog
 o - 8 scrolls of remove curse
 y - a scroll of identify
 I - a scroll of teleportation
 K - a scroll of blinking {unknown}
Potions
 d - a potion of might
 g - 2 potions of agility
 k - 3 potions of lignification
 r - a potion of flight
 s - 4 potions of brilliance
 t - 4 potions of mutation
 u - 2 potions of haste
 v - 2 potions of cancellation {unknown}
 w - 2 potions of heal wounds {unknown}
 z - a potion of berserk rage {unknown}
 A - 2 potions of curing
 C - a potion of resistance {unknown}
 E - a potion of degeneration {unknown}
Comestibles
 f - 9 rations


   Skills:
 - Level 3.2 Fighting
 + Level 12.0 Axes
 - Level 3.2 Armour
 - Level 3.2 Shields


You had 8 spell levels left.
You didn't know any spells.
Your spell library was empty.

Dungeon Overview and Level Annotations

Branches:
Dungeon (10/15)            Temple (1/1) D:4           Sewer (visited)
Ossuary (visited)
   Lair: D:8-11         Orc: D:9-12

Altars:
Ashenzari
Cheibriados
Fedhas
Gozag
Ru
Wu Jian
Yredelemnul

Shops:
D:10 [


Innate Abilities, Weirdness & Mutations

You are resistant to torment.
Your stone body is resilient. (AC +6)
You are immune to poison.
You resist negative energy. (rN+)
You are resistant to electric shocks. (rElec)
You can survive without breathing.
You are immune to petrification.
You are immune to rotting.


Message History

You block the orc's attack. You block the ogre's attack.
The warg bites you but does no damage.
The orc wizard mumbles some strange words.
The orc wizard blinks!
The hound stops to sniff the ground.
The hound bites you but does no damage.
An orc priest comes into view. It is wielding a +0 hand axe.
The orc priest hits you but does no damage.
The orc hits you but does no damage. The warg bites you but does no damage.
Unknown command.
You feel yourself speed up. You block the hound's attack.
The ogre barely misses you. You block the orc wizard's attack.
The orc priest calls upon Beogh to heal the orc wizard.
The orc wizard is healed somewhat.
The warg bites you but does no damage. The hound bites you but does no damage.
The orc hits you but does no damage.
The orc wizard hits you but does no damage.
The orc priest looks encouraged for a moment.
The ogre hits you with a +0 giant club!
You die...
Your body crumbles into a pile of gold.

#.....$#
##......#
###>......#
#......$..#
+.........+
#.........#
#.....h...#
#.....O@h.#
#.....ooo.#
#..o......#
#..###+####
#.. ..


o You could see a warg, an ogre, a hound, 2 orc priests, an orc wizard and an
orc.

Vanquished Creatures
  Pikel (D:5)
  An ice beast (D:5)
  2 sky beasts (D:6)
  3 phantoms
  2 ogres
  A centaur (D:10)
  A big kobold (Sewer)
  Blork the orc (D:5)
  3 bullfrogs
  A water moccasin skeleton (D:4)
  A scorpion (D:5)
  4 wights (D:7)
  A centaur zombie (D:6)
  6 crimson imps
  3 hounds
  3 orc priests
  A jelly (D:5)
  4 orc wizards
  3 bullfrog skeletons
  2 iguanas (D:4)
  Ijyb (D:3)
  7 worker ants
  8 mummies (Ossuary)
  Robin (D:3)
  5 adders
  A river rat (D:6)
  A shadow imp (D:6)
  An ooze (D:1)
  2 adder skeletons
  4 worms
  2 dart slugs (D:2)
  5 leopard geckos
  9 orcs
  5 bats
  7 giant cockroaches
  9 goblins
  6 hobgoblins
  6 jackals
  2 quokkas
  3 ball pythons
  4 frilled lizards
  A gnoll zombie (Ossuary)
  3 hobgoblin zombies (Ossuary)
  A jackal skeleton (D:4)
  4 kobolds
  2 kobold zombies (Ossuary)
  A leopard gecko skeleton (D:4)
  2 orc zombies (Ossuary)
  14 rats
161 creatures vanquished.

Vanquished Creatures (others)
  An adder (D:5)
1 creature vanquished.

Grand Total: 162 creatures vanquished

Notes
Turn   | Place    | Note
-------+----------+-------------------------------------------
     0 | D:1      | Hugehornet the Gargoyle Fighter began the quest for the
                  | Orb.
     0 | D:1      | Reached XP level 1. HP: 14/14 MP: 1/1
    48 | D:1      | Reached skill level 2 in Axes
   250 | D:1      | Reached XP level 2. HP: 19/19 MP: 2/2
   954 | D:2      | Reached skill level 3 in Axes
   954 | D:2      | Reached XP level 3. HP: 16/23 MP: 1/3
  1171 | D:2      | Found a faded altar of an unknown god.
  1386 | D:2      | Reached XP level 4. HP: 21/28 MP: 1/4
  1474 | D:2      | Found a snail-covered altar of Cheibriados.
  1852 | D:3      | Noticed Robin
  1855 | D:3      | Reached skill level 4 in Axes
  1871 | D:3      | Killed Robin
  2337 | D:3      | Noticed Ijyb
  2349 | D:3      | Killed Ijyb
  2349 | D:3      | Reached XP level 5. HP: 15/32 MP: 3/5
  2554 | D:3      | Reached skill level 5 in Axes
  2779 | D:4      | Found a staircase to the Ecumenical Temple.
  2876 | D:4      | Reached XP level 6. HP: 37/37 MP: 6/6
  2891 | D:4      | Reached skill level 6 in Axes
  2911 | D:4      | Found a basalt altar of Yredelemnul.
  2971 | D:4      | Found a sand-covered staircase.
  3032 | Ossuary  | Entered an ossuary
  3095 | Ossuary  | Reached XP level 7. HP: 17/41 MP: 2/7
  3101 | Ossuary  | HP: 2/41 [mummy (8)]
  3505 | D:4      | Reached skill level 7 in Axes
  3569 | Temple   | Entered the Ecumenical Temple
  3602 | Temple   | Became a worshipper of Gozag Ym Sagoz the Greedy
  3846 | D:4      | Found an ornate altar of the Wu Jian Council.
  4251 | D:5      | Entered Level 5 of the Dungeon
  4383 | D:5      | Noticed Blork the orc
  4389 | D:5      | Killed Blork the orc
  4409 | D:5      | Reached skill level 8 in Axes
  4409 | D:5      | Reached XP level 8. HP: 20/46 MP: 4/8
  4802 | D:5      | Noticed Pikel
  4821 | D:5      | Reached skill level 9 in Axes
  4830 | D:5      | Killed Pikel
  4830 | D:5      | Reached skill level 10 in Axes
  5118 | D:5      | Found a shattered altar of Ashenzari.
  5258 | D:6      | Reached XP level 9. HP: 51/51 MP: 9/9
  5269 | D:6      | Found a glowing drain.
  5320 | Sewer    | Entered a sewer
  5436 | Sewer    | Found a white marble altar of Elyvilon.
  5824 | D:6      | Reached skill level 11 in Axes
  6049 | D:6      | Found a sacrificial altar of Ru.
  6312 | D:6      | Found a blossoming altar of Fedhas.
  6606 | D:7      | You fall into a shaft and drop 3 floors!
  6606 | D:10     | Entered Level 10 of the Dungeon
  6647 | D:10     | Bought an ancient cloak for 275 gold pieces
  6657 | D:10     | Identified the +2 cloak of Inkunod {rN+ rCorr Int+4 Slay-4}
                  | (You bought it in a shop on level 10 of the Dungeon)
  6706 | D:9      | Reached skill level 12 in Axes
  6724 | D:9      | Slain by an ogre

Levels and vault maps discovered:
D:1:      matt_arrival_grand_opening, layout_basic,
          chequers_serial_rivers_micro_c
D:2:      layout_basic, lemuel_doored_altar,
          chequers_ecumenical_altar_simple_redux
D:3:      layout_rooms, uniq_ijyb, uniq_robin
D:4:      layout_gridville, lemuel_round_altar, minmay_temple_entry_ruins,
          nicolae_ossuary_entry_false_entrances, minmay_ruined_shrine
D:5:      layout_rooms, nicolae_overflow_crystal_walls, first_ration,
          minmay_bent, uniq_pikel, uniq_blork_the_orc
D:6:      layout_cave_pods, fedhas_altar_4, basic_altar, portal_sewer_entry_a,
          minmay_diced_spiral
D:7:      layout_loops_ring, old_standard_altar, lemuel_crystal_altar,
          basic_altar, uniq_crazy_yiuf_cottage
D:9:      layout_roguey, nicolae_qazlal_eye_of_the_storm,
          gammafunk_temple_overflow_elements, erik_lair_orcish_takeover,
          gammafunk_ghost_hydra_chop
D:10:     layout_roguey, hangedman_fish_farm
Temple:   nicolae_temple_figure_eight

Skill      XL: |  1  2  3  4  5  6  7  8  9 |
---------------+----------------------------+-----
Axes           | 2 3 4 5 6 8 10 12 | 12.0
Fighting       | |  3.2
Armour         | |  3.2
Shields        | |  3.2

Action                   |  1- 3 |  4- 6 |  7- 9 || total
-------------------------+-------+-------+-------++-------
Melee: War axe           |    97 |   144 |   170 ||   411
       Broad axe         |       |       |   253 ||   253
Invok: Call Merchant     |       |       |     1 ||     1
  Use: Scroll            |       |    11 |     8 ||    19
       Potion            |       |     2 |     6 ||     8
 Stab: Distracted        |       |       |     1 ||     1
  Eat: Chunk             |     1 |     5 |       ||     6
       Ration            |       |     1 |     3 ||     4
Armor: Scale mail        |    75 |    92 |    73 ||   240
       Plate armour      |       |       |   189 ||   189
Dodge: Dodged            |    44 |    47 |    76 ||   167
Block: Shield            |    52 |    74 |   287 ||   413
       Reflection        |       |       |     5 ||     5
